 Dungeon Crawl Stone Soup version 0.19.0-2-gae57169 (webtiles) character file.

18843 HungrySpirit the Severer (level 12, -1/172 HPs)
             Began as a Minotaur Berserker on Nov 6, 2016.
             Was a High Priest of Trog.
             Slain by a wolf (8 damage)
             ... on level 1 of the Lair of Beasts.
             The game lasted 00:20:26 (13870 turns).

HungrySpirit the Severer (Minotaur Berserker)      Turns: 13870, Time: 00:20:28

Health: -1/172     AC: 16    Str: 30    XL:     12   Next: 31%
Magic:  11/11      EV:  8    Int:  8    God:    Trog [*****.]
Gold:   442        SH:  0    Dex: 11    Spells: 0 memorised, 11 levels left

rFire  + . .     SeeInvis .     P - +1 battleaxe (elec)
rCold  + . .     Gourm    .     m - +0 plate armour
rNeg   . . .     Faith    .     (shield currently unavailable)
rPois  .         Spirit   .     B - +1 hat {Int+3}
rElec  .         Reflect  .     I - +0 cloak
rCorr  .         Harm     .     L - +1 pair of gloves
MR     .....                    G - +0 pair of boots
Stlth  ..........               (no amulet)
                                T - ring of protection from cold
                                M - ring of protection from fire

@: berserking, very quick
A: retaliatory headbutt, horns 2
a: Berserk, Trog's Hand, Brothers in Arms, Burn Spellbooks, Renounce Religion


You were on level 1 of the Lair of Beasts.
You worshipped Trog.
Trog was extremely pleased with you.
You were near starving.

You visited 2 branches of the dungeon, and saw 14 of its levels.

You collected 442 gold pieces.

Inventory:

Hand Weapons
 O - a +1 war axe
 P - a +1 battleaxe of electrocution (weapon)
 Z - a +4 battleaxe
Missiles
 k - 3 throwing nets (quivered)
Armour
 m - a +0 plate armour (worn)
 B - a +1 hat of intelligence (worn)
 G - a +0 pair of boots (worn)
 I - a +0 cloak (worn)
 L - a +1 pair of gloves (worn)
Jewellery
 M - a ring of protection from fire (left hand)
 T - a ring of protection from cold (right hand)
Wands
 o - a wand of paralysis (11/24)
 x - a wand of lightning (4/15)
 S - a wand of digging (9/24)
 U - a wand of disintegration (9/24)
 X - a wand of flame (29/48)
Scrolls
 b - 5 scrolls of remove curse
 e - 8 scrolls of identify
 f - 3 scrolls of enchant armour {unknown}
 i - 3 scrolls of teleportation {unknown}
 j - 4 scrolls of enchant weapon
 p - 2 scrolls of recharging {unknown}
 u - 4 scrolls of fear {unknown}
 v - a scroll of noise {unknown}
 y - 4 scrolls of fog {unknown}
 z - 2 scrolls of amnesia {unknown}
 D - 3 scrolls of blinking {unknown}
 E - 3 scrolls of random uselessness {unknown}
 J - 2 scrolls of immolation {unknown}
 N - 5 scrolls of magic mapping {unknown}
 R - a scroll of brand weapon {unknown}
Potions
 a - 2 potions of might
 d - 3 potions of degeneration {unknown}
 g - 3 potions of mutation {unknown}
 l - 6 potions of curing
 n - a potion of haste {unknown}
 r - 2 potions of brilliance {unknown}
 s - 4 potions of agility {unknown}
 t - 3 potions of ambrosia {unknown}
 w - a potion of lignification {unknown}
 A - a potion of berserk rage {unknown}
 C - 4 potions of heal wounds {unknown}
 F - a potion of flight {unknown}
 H - 3 potions of magic {unknown}
Comestibles
 c - 10 bread rations
 h - 6 beef jerkies
 q - 8 meat rations
 K - 11 chunks of flesh
 Q - a royal jelly
 V - 2 slices of pizza


   Skills:
 + Level 13.5 Fighting
 * Level 17.8 Axes
 - Level 2.4 Armour
 - Level 2.1 Dodging
   Level 7.4 Shields


You had 11 spell levels left.
You didn't know any spells.

Dungeon Overview and Level Annotations

Branches:
Dungeon (12/15)            Temple (0/1) D:4            Lair (2/6) D:11
    Orc (0/2) D:10
  Swamp: Lair:2-4    Shoals: Lair:2-4     Snake: Lair:2-4    Spider: Lair:2-4

Altars:
Ashenzari
Dithmenos
Elyvilon
Fedhas
Gozag
Nemelex Xobeh
Ru
Uskayaw
Yredelemnul
Zin
Beogh

Annotations:
D:7 Prince Ribbit
D:12 Urug


Innate Abilities, Weirdness & Mutations

You reflexively headbutt those who attack you in melee.
You have a pair of horns on your head.


Message History

The wolf barely misses you. You furiously retaliate!
You headbutt the wolf, but do no damage.
The wolf bites you.
* * * LOW HITPOINT WARNING * * *
The wolf bites you but does no damage.
The wolf bites you but does no damage. x2
There is a stone staircase leading up here.
The wolf bites you!
* * * LOW HITPOINT WARNING * * *
The wolf bites you but does no damage.
You climb upwards.
There is a stone staircase leading down here.
Unknown command.
A red film seems to cover your vision as you go berserk!
You feel yourself moving faster!
You feel mighty!
You are near starving!
The wolf bites you!
* * * LOW HITPOINT WARNING * * *
The wolf bites you!
You die...

.≈♣♣♣≈≈≈≈♣≈≈≈≈P≈...............#
..≈♣♣#..##≈♣≈≈♣................#
...<...P.#............P....#####
....P.P≈....#........##...##
.≈PP≈≈≈≈P./.##.......##..###
.≈≈♣≈P≈≈≈...###............#
.P≈♣♣♣♣≈≈...####.....#P..#.#
P≈♣♣ ♣♣≈P...##..[...#...#.#
≈≈≈♣♣♣♣≈≈P...###@..........#
P≈≈♣≈≈♣≈PP...# #hh.........#
.≈P≈P≈P≈P....###...####....#
...PPPP......##....# ##.###
...≈PP.............# ###
.#.................#
.##.........#.##...#
##.#........########
#######.#.###


You could see 2 wolves.

Vanquished Creatures
  Harold (D:11)
  A deep elf knight (D:8)
  An unseen horror (D:9)
  2 hill giants
  Pikel (D:5)
  A manticore (D:8)
  An ugly thing (D:11)
  The ghost of p0werm0de the Gouger, a novice FeSu of Ashenzari (Lair:1)
  A black mamba (Lair:1)
  Joseph (D:7)
  A gargoyle (D:10)
  2 komodo dragons
  A troll (D:10)
  A slime creature (D:8)
  3 two-headed ogres
  2 hippogriffs (Lair:1)
  Sigmund (D:3)
  A shadow (D:9)
  18 yaks
  2 hogs (D:9)
  A hungry ghost (D:8)
  A human (D:9)
  2 steam dragons
  Edmund (D:6)
  4 water moccasins
  4 porcupines (Lair:1)
  7 orc warriors
  2 phantoms
  2 ice beasts
  A necrophage (D:6)
  2 sky beasts
  3 slaves (D:5)
  2 black bears
  An eye of draining (D:9)
  2 ogres
  7 wolves (Lair:2)
  A centaur (D:8)
  A crocodile (D:7)
  6 bullfrogs
  4 scorpions
  A killer bee (D:10)
  19 wights
  4 electric eels (Lair:1)
  8 howler monkeys
  3 centaur zombies
  3 quasits
  6 crimson imps
  7 hounds
  4 jellies
  3 bullfrog skeletons
  7 orc priests
  A centaur skeleton (D:7)
  3 orc wizards
  4 iguanas
  Natasha (twice) (D:3 D:6)
  11 worker ants
  A killer bee zombie (D:10)
  2 hound zombies
  2 hound skeletons
  A howler monkey zombie (D:9)
  10 gnolls
  11 adders
  4 shadow imps
  2 oozes
  2 adder skeletons (D:9)
  6 dart slugs
  8 leopard geckos
  49 orcs
  6 goblins
  8 hobgoblins
  6 jackals (D:1)
  7 quokkas
  5 bats
  5 frilled lizards
  A giant cockroach zombie (D:6)
  A jackal skeleton (D:7)
  A jackal zombie (D:5)
  9 kobolds
  A leopard gecko skeleton (D:5)
  7 rats
338 creatures vanquished.

Vanquished Creatures (collateral kills)
  A porcupine (Lair:1)
  4 orc warriors (D:10)
  An electric eel (Lair:1)
6 creatures vanquished.

Vanquished Creatures (others)
  An unseen horror (D:10)
  A black bear (D:10)
  A plant (Lair:1)
3 creatures vanquished.

Grand Total: 347 creatures vanquished

Notes
Turn   | Place    | Note
-------+----------+-------------------------------------------
     0 | D:1      | HungrySpirit the Minotaur Berserker began the quest for the Orb.
     0 | D:1      | Reached XP level 1. HP: 19/19 MP: 0/0
    57 | D:1      | Reached skill level 4 in Axes
   177 | D:1      | Reached XP level 2. HP: 25/27 MP: 1/1
   410 | D:1      | Reached XP level 3. HP: 27/33 MP: 2/2
   801 | D:1      | Reached ** piety under Trog
  1128 | D:2      | Reached skill level 5 in Axes
  1300 | D:2      | Found a basalt altar of Yredelemnul.
  1382 | D:2      | Found a sparkling altar of Nemelex Xobeh.
  1490 | D:2      | Reached XP level 4. HP: 35/41 MP: 3/3
  1929 | D:3      | Reached skill level 5 in Fighting
  1962 | D:3      | Reached skill level 6 in Axes
  1962 | D:3      | Reached XP level 5. HP: 46/48 MP: 4/4
  2115 | D:3      | Noticed Natasha
  2127 | D:3      | Killed Natasha
  2290 | D:3      | Found a glowing silver altar of Zin.
  2351 | D:3      | Found a faded altar of an unknown god.
  2466 | D:3      | Noticed Sigmund
  2478 | D:3      | Killed Sigmund
  2478 | D:3      | Reached *** piety under Trog
  2478 | D:3      | Reached skill level 7 in Axes
  2478 | D:3      | Reached XP level 6. HP: 52/57 MP: 5/5
  3172 | D:4      | Found a staircase to the Ecumenical Temple.
  3430 | D:4      | Reached skill level 8 in Axes
  3430 | D:4      | Reached XP level 7. HP: 63/63 MP: 6/6
  3577 | D:5      | Entered Level 5 of the Dungeon
  3655 | D:5      | Found a sparkling altar of Nemelex Xobeh.
  3883 | D:5      | Noticed Pikel
  3901 | D:5      | Killed Pikel
  3901 | D:5      | Reached skill level 10 in Axes
  3901 | D:5      | Reached XP level 8. HP: 73/73 MP: 7/7
  4171 | D:5      | Reached **** piety under Trog
  4553 | D:6      | Reached skill level 11 in Axes
  4613 | D:6      | Noticed Natasha
  4618 | D:6      | Killed Natasha
  4850 | D:6      | Noticed Edmund
  4867 | D:6      | Killed Edmund
  4884 | D:6      | Found a faded altar of an unknown god.
  4884 | D:6      | Found a blossoming altar of Fedhas.
  4889 | D:6      | Found a faded altar of an unknown god.
  4891 | D:6      | Found a hide-covered altar of Uskayaw.
  4893 | D:6      | Found a faded altar of an unknown god.
  4937 | D:6      | Found a sacrificial altar of Ru.
  5096 | D:7      | Reached XP level 9. HP: 82/82 MP: 8/8
  5173 | D:7      | Reached skill level 12 in Axes
  5314 | D:7      | Noticed Prince Ribbit
  5377 | D:7      | Noticed Joseph
  5411 | D:7      | Killed Joseph
  5994 | D:7      | Reached ***** piety under Trog
  6174 | D:8      | Reached skill level 10 in Fighting
  6174 | D:8      | Reached skill level 13 in Axes
  6425 | D:8      | Found a white marble altar of Elyvilon.
  6621 | D:8      | Reached XP level 10. HP: 89/93 MP: 9/9
  6946 | D:8      | Noticed a hill giant
  6952 | D:8      | Killed a hill giant
  6952 | D:8      | Reached skill level 5 in Shields
  6961 | D:8      | Reached skill level 14 in Axes
  6963 | D:8      | Found a large runed door.
  6964 | D:8      | Found a large runed door.
  7208 | D:8      | Noticed a manticore
  7209 | D:8      | Noticed a deep elf knight
  7221 | D:8      | Killed a manticore
  7227 | D:8      | Killed a deep elf knight
  7278 | D:8      | Found a shattered altar of Ashenzari.
  7285 | D:8      | Found a basalt altar of Yredelemnul.
  7671 | D:9      | Found an opulent altar of Gozag.
  7927 | D:9      | Found a shadowy altar of Dithmenos.
  8269 | D:9      | Reached skill level 15 in Axes
  8269 | D:9      | Reached XP level 11. HP: 102/102 MP: 10/10
  8276 | D:9      | Killed an unseen horror
  8996 | D:10     | Entered Level 10 of the Dungeon
  9575 | D:10     | Killed an unseen horror
  9712 | D:10     | Found a roughly hewn altar of Beogh.
  9740 | D:10     | Found a staircase to the Orcish Mines.
  9893 | D:10     | Noticed a hill giant
  9925 | D:10     | Killed a hill giant
  9925 | D:10     | Reached skill level 16 in Axes
 10165 | D:10     | Received a gift from Trog
 10708 | D:11     | Noticed a white ugly thing
 10715 | D:11     | Killed a white ugly thing
 11175 | D:11     | Noticed Harold
 11186 | D:11     | Killed Harold
 11409 | D:11     | Found a staircase to the Lair.
 11625 | D:12     | Noticed Urug
 11627 | D:12     | Noticed a six-headed hydra
 11627 | D:12     | Noticed a cyan ugly thing
 11672 | Lair:1   | Entered Level 1 of the Lair of Beasts
 11705 | Lair:1   | Noticed p0werm0de's ghost (novice FeSu)
 11711 | Lair:1   | Killed p0werm0de's ghost
 11826 | Lair:1   | Reached skill level 17 in Axes
 12131 | Lair:1   | Reached XP level 12. HP: 83/115 MP: 11/11
 13789 | Lair:2   | Noticed an eight-headed hydra
 13870 | Lair:1   | HP: 7/172 [wolf (8)]
 13870 | Lair:1   | Slain by a wolf

Skill      XL: |  1  2  3  4  5  6  7  8  9 10 11 |
---------------+----------------------------------+-----
Axes           | 4 5 6 7 8 10 11 13 15 17 | 17.8
Fighting       | 4 5 6 7 8 10 11 13 | 13.5
Shields        | 4 7 |  7.4
Armour         | |  2.4
Dodging        | |  2.1

Action                   |  1- 3 |  4- 6 |  7- 9 | 10-12 || total
-------------------------+-------+-------+-------+-------++-------
Melee: Hand axe          |   101 |   122 |   177 |       ||   400
       Headbutt          |    15 |    25 |    70 |    89 ||   199
       War axe           |       |       |   123 |   323 ||   446
       Battleaxe         |       |       |       |   147 ||   147
Invok: Berserk           |       |     3 |     4 |    12 ||    19
       Brothers in Arms  |       |       |       |     4 ||     4
       Trog's Hand       |       |       |       |     2 ||     2
  Use: Scroll            |       |       |     3 |     2 ||     5
       Potion            |       |       |     1 |     1 ||     2
  Eat: Chunk             |     1 |    10 |    12 |    27 ||    50
       Pizza             |       |       |     2 |     5 ||     7
       Fruit             |       |       |       |     1 ||     1
Armor: Animal skin       |     8 |       |       |       ||     8
       Plate armour      |     5 |    71 |   169 |   289 ||   534
       Ring mail         |     5 |       |       |       ||     5
Dodge: Dodged            |    49 |    31 |    78 |   132 ||   290
Block: Buckler           |       |       |     3 |    37 ||    40
